 Dungeon Crawl Stone Soup version 0.26-a0-1021-gda264ca44c (webtiles) character file.

Game seed: 4212781232504145802

10551 runemasterragnar the Fighter (level 11, 0/120 HPs)
             Began as an Ogre Gladiator on Dec 9, 2020.
             Was an Elder of Okawaru.
             Slain by a shadow (8 damage)
             ... on level 13 of the Dungeon.
             The game lasted 00:25:24 (21110 turns).

runemasterragnar the Fighter (Ogre Gladiator)      Turns: 21110, Time: 00:25:24

Health: 0/120      AC:  5    Str: 22    XL:     11   Next: 63%
Magic:  14/14      EV: 12    Int: 10    God:    Okawaru [****..]
Gold:   794        SH:  0    Dex: 10    Spells: 10/10 levels left

rFire    + . .     SeeInvis .   g - +3 battleaxe
rCold    + . .     Faith    +   (shield currently unavailable)
rNeg     . . .     Spirit   .   Q - +0 troll leather armour
rPois    .         Reflect  .   c - +0 hat
rElec    .         Harm     .   (no cloak)
rCorr    .         Rampage  .   (gloves unavailable)
Will     +....                  (boots unavailable)
Stlth    +.........             j - amulet of faith
HPRegen  0.70/turn              E - ring of protection from fire
MPRegen  0.14/turn              B - ring of protection from cold

@: lethally poisoned (0 -> 0), drained
A: large, unfitting armour, horns 1, low mp 1, tough skin 1
a: Heroism, Renounce Religion


You were on level 13 of the Dungeon.
You worshipped Okawaru.
Okawaru was greatly pleased with you.
You visited 2 branches of the dungeon, and saw 14 of its levels.

You collected 794 gold pieces.

Inventory:

Hand Weapons
 a - a +1 flail
 g - a +3 battleaxe (weapon)
 q - a +0 giant spiked club
 u - a +0 dire flail
Missiles
 d - 9 large rocks (quivered)
 k - 7 silver boomerangs
 n - 8 boomerangs of dispersal
 D - 14 poisoned darts
 J - 4 boomerangs
 M - 5 javelins
 R - a throwing net
Armour
 b - a +0 robe
 c - a +0 hat (worn)
 l - a +1 robe of cold resistance
 Q - a +0 troll leather armour (worn)
Magical Staves
 r - an uncursed staff of air {unknown}
Jewellery
 e - a cursed amulet of inaccuracy
 f - an uncursed ring of flight
 j - an amulet of faith (around neck)
 t - an uncursed amulet of the acrobat
 B - a ring of protection from cold (right hand)
 E - a ring of protection from fire (left hand)
 F - an uncursed ring of protection from fire
 L - an uncursed amulet of guardian spirit
 N - a +6 ring of intelligence {unknown}
Scrolls
 h - 2 scrolls of blinking {unknown}
 i - 2 scrolls of amnesia
 o - a scroll of noise {unknown}
 p - 2 scrolls of teleportation
 s - 4 scrolls of magic mapping
 w - a scroll of fog {unknown}
 y - 3 scrolls of enchant weapon
 A - a scroll of brand weapon {unknown}
 C - 8 scrolls of remove curse
 G - a scroll of silence {unknown}
 H - 3 scrolls of identify
 O - 3 scrolls of fear {unknown}
 P - a scroll of vulnerability {unknown}
 T - a scroll of enchant armour {unknown}
Potions
 m - 2 potions of degeneration
 v - a potion of brilliance
 x - a potion of flight
 z - a potion of cancellation


   Skills:
 + Level 11.4(10.4) Fighting
 + Level 8.4(7.5) Maces & Flails
 + Level 8.9(8.0) Throwing
 + Level 8.4(7.5) Dodging
 + Level 6.1(5.3) Invocations


You had 10 spell levels left.
You didn't know any spells.
Your spell library contained the following spells:

 Spells                   Type           Power        Failure   Level
 Magic Dart               Conj           #...         41%         1
 Sandblast                Erth           #.....       41%         1
 Blink                    Tloc           N/A          54%         2
 Call Imp                 Summ           #.......     54%         2
 Passwall                 Tmut/Erth      #.......     54%         2
 Slow                     Hex            #.......     54%         2
 Conjure Flame            Conj/Fire      #.......     78%         3
 Mephitic Cloud           Conj/Pois/Air  #.......     78%         3
 Stone Arrow              Conj/Erth      #.....       78%         3
 Petrify                  Tmut/Erth      #.......     99%         4
 Lee's Rapid Deconstruct  Erth           #.........   100%        5


Dungeon Overview and Level Annotations

Branches:
Dungeon (13/15)            Temple (1/1) D:5            Lair (0/6) D:8
    Orc (0/2) D:9
 Vaults: D:13-14

Altars:
Ashenzari
Cheibriados
Dithmenos
Elyvilon
Fedhas
Gozag
Hepliaklqana
Kikubaaqudgha
Makhleb
Nemelex Xobeh
Okawaru
Qazlal
Ru
Sif Muna
Trog
Uskayaw
Vehumet
Wu Jian
Xom
Yredelemnul
Zin

Shops:
D:8 ?

Annotations:
D:6 2 runed translucent doors, Crazy Yiuf; Dazliare's ghost, novice DEIE
D:11 Fannar


Innate Abilities, Weirdness & Mutations

You are too large for most types of armour.
You have tough skin. (AC +1)
You have a pair of small horns on your head.
Your magical capacity is low. (-10% MP)


Message History

You hit the orc. You miss something.
You feel sick.
The shadow strikes at you from the darkness!
* * * LOW HITPOINT WARNING * * *
Reactivating autopickup.
The orc completely misses you.
The orc warrior hits you with a +0 battleaxe!
* * * LOW HITPOINT WARNING * * *
You slice the orc warrior!!
You kill the orc warrior!
Okawaru accepts your kill.
You slash the orc!
You kill the orc!
Okawaru accepts your kill.
You barely miss the shadow.
You feel sick. The shadow hits you!
* * * LOW HITPOINT WARNING * * *
The shadow hits you.
You barely miss the shadow. You headbutt the shadow.
The shadow is almost destroyed.
You feel sick. The shadow hits you!
You die...

........#
.....#..#
.......## ####
#........ ....# ##
#........
.....##.##..(.....
..........((...<..
........)W).......
.......##@).......
.................(
....#.<..........
. ####.........
###....... .......
....... .....# ...


You could see a shadow.

Vanquished Creatures
  Nergalle (D:11)
  An unseen horror (D:10)
  2 ugly things (D:12)
  2 trolls
  Grinder (D:6)
  Prince Ribbit (D:7)
  A wyvern (D:12)
  4 yaks (D:10)
  Eustachio (D:5)
  Grum (D:11)
  A steam dragon (D:10)
  A water moccasin (shapeshifter) (D:13)
  Duvessa (D:6)
  An ice beast (D:7)
  5 orc warriors
  4 sky beasts
  3 ogres
  2 phantoms
  2 black bears
  2 necrophages (D:10)
  2 wolves (D:11)
  5 centaurs
  4 big kobolds
  7 bullfrogs
  Dowan (D:6)
  6 scorpions
  9 killer bees
  17 wights
  A howler monkey (D:9)
  6 hounds
  A quasit (D:10)
  3 bullfrog zombies
  8 orc wizards
  3 bullfrog skeletons
  A gnoll shaman (D:8)
  5 jellies
  7 orc priests
  A centaur skeleton (D:6)
  8 iguanas
  10 worker ants
  A hound skeleton (D:6)
  A howler monkey zombie (D:10)
  21 gnolls
  14 adders
  3 shadow imps
  3 white imps
  4 ufetubi
  2 oozes (D:2)
  An adder zombie (D:7)
  2 adder skeletons (D:4)
  4 worms
  2 dart slugs
  8 leopard geckos
  34 orcs
  6 giant cockroaches
  27 goblins
  31 hobgoblins
  17 jackals
  18 kobolds
  5 quokkas
  5 bats
  3 frilled lizards
  A quokka skeleton (D:6)
  6 rats
361 creatures vanquished.

Vanquished Creatures (collateral kills)
  An orc wizard (D:11)
  An orc (D:11)
2 creatures vanquished.

Grand Total: 363 creatures vanquished

Notes
Turn   | Place    | Note
-------+----------+-------------------------------------------
     0 | D:1      | runemasterragnar the Ogre Gladiator began the quest for the
                  | Orb.
     0 | D:1      | Reached XP level 1. HP: 22/22 MP: 1/1
    96 | D:1      | Reached XP level 2. HP: 10/29 MP: 2/2
    97 | D:1      | Reached skill level 3 in Fighting
   698 | D:1      | Reached XP level 3. HP: 14/37 MP: 3/3
  1672 | D:2      | Reached XP level 4. HP: 16/46 MP: 4/4
  2183 | D:2      | Gained mutation: Your magical capacity is low. (-10% MP)
                  | [potion of mutation]
  2183 | D:2      | Gained mutation: You have a pair of small horns on your
                  | head. [potion of mutation]
  2231 | D:2      | HP: 2/48 [poisoned by an adder]
  2892 | D:2      | Reached skill level 4 in Fighting
  3215 | D:2      | Reached XP level 5. HP: 47/54 MP: 4/4
  3484 | D:3      | Found a broken altar of Ashenzari.
  4629 | D:4      | Reached XP level 6. HP: 36/63 MP: 5/5
  5087 | D:4      | Found a burning altar of Makhleb.
  5102 | D:5      | Entered Level 5 of the Dungeon
  5150 | D:5      | Reached skill level 5 in Fighting
  5475 | D:5      | Reached XP level 7. HP: 31/72 MP: 6/6
  6506 | D:5      | Found a staircase to the Ecumenical Temple.
  6582 | D:5      | Reached skill level 6 in Fighting
  6891 | D:5      | Reached XP level 8. HP: 74/83 MP: 7/7
  7256 | D:5      | Noticed Eustachio
  7322 | D:5      | Killed Eustachio
  7323 | D:5      | Reached skill level 5 in Maces & Flails
  7323 | D:5      | Reached skill level 5 in Throwing
  7323 | D:5      | Reached skill level 5 in Dodging
  7801 | D:6      | Noticed Grinder
  7825 | D:6      | Paralysed by Grinder for 7 turns
  7851 | D:6      | Killed Grinder
  7852 | D:6      | Reached skill level 7 in Fighting
  8423 | D:6      | Noticed Dowan
  8424 | D:6      | Noticed Duvessa
  8442 | D:6      | Killed Duvessa
  8443 | D:6      | Reached XP level 9. HP: 61/96 MP: 8/8
  8444 | D:6      | Killed Dowan
  8719 | D:6      | Reached skill level 8 in Fighting
  9201 | D:6      | Found a runed translucent door.
  9202 | D:6      | Noticed Crazy Yiuf
  9237 | D:6      | Found a shimmering blue altar of Sif Muna.
  9237 | D:6      | Found a glowing silver altar of Zin.
  9376 | D:6      | Found a shadowy altar of Dithmenos.
  9768 | D:6      | Found a runed translucent door.
  9769 | D:6      | Found a shimmering altar of Xom.
  9769 | D:6      | Noticed Dazliare's ghost (novice DEIE)
  9769 | D:6      | Noticed a +1 dagger of chaos
  9963 | Temple   | Entered the Ecumenical Temple
 10052 | Temple   | Became a worshipper of Warmaster Okawaru
 10791 | D:4      | HP: 6/145 [orc priest/divine providence (16)]
 11191 | D:4      | You fall into a shaft and drop 1 floor!
 12560 | D:7      | Noticed Prince Ribbit
 12573 | D:7      | Killed Prince Ribbit
 12573 | D:7      | Reached * piety under Okawaru
 12574 | D:7      | Reached skill level 9 in Fighting
 12574 | D:7      | Reached skill level 1 in Invocations
 13033 | D:7      | Reached XP level 10. HP: 69/107 MP: 8/10
 14074 | D:8      | Reached ** piety under Okawaru
 14457 | D:8      | Found a staircase to the Lair.
 14634 | D:8      | Found Sofeo's Magic Scroll Boutique.
 14914 | D:9      | Found a staircase to the Orcish Mines.
 16052 | D:9      | Found a shadowy altar of Dithmenos.
 16331 | D:10     | Entered Level 10 of the Dungeon
 16407 | D:10     | Reached skill level 10 in Fighting
 16871 | D:10     | Reached *** piety under Okawaru
 17056 | D:10     | Received a gift from Okawaru
 17423 | D:10     | Received a gift from Okawaru
 17447 | D:10     | Reached XP level 11. HP: 25/119 MP: 13/13
 18212 | D:10     | Killed an unseen horror
 18213 | D:10     | Reached skill level 5 in Invocations
 18430 | D:10     | Reached **** piety under Okawaru
 19626 | D:11     | Noticed Grum
 19643 | D:12     | Noticed a purple ugly thing
 19660 | D:12     | Killed a purple ugly thing
 19789 | D:12     | Noticed a boulder beetle
 19824 | D:12     | Noticed a boulder beetle
 19828 | D:12     | Noticed a cyclops
 19841 | D:12     | Noticed a red ugly thing
 19887 | D:11     | Reached skill level 11 in Fighting
 19897 | D:11     | Noticed Nergalle
 20054 | D:11     | Received a gift from Okawaru
 20175 | D:11     | Killed Nergalle
 20180 | D:11     | Killed Grum
 20500 | D:11     | Noticed Fannar
 20909 | D:12     | Killed a red ugly thing
 21110 | D:13     | Slain by a shadow

Illustrated notes

Levels and vault maps discovered:
D:1:      onia_arrival_mini_maze_b, layout_loops_ring
D:2:      layout_loops_ring, st_stairs_1
D:3:      layout_loops_ring, ashenzari_conservatory_becter,
          minmay_misc_feat_five
D:4:      minmay_goblin_kobold_castle, layout_rooms, old_standard_altar
D:5:      layout_basic, temple_statues, uniq_eustachio
D:6:      layout_loops_ring, lemuel_doored_altar,
          gammafunk_temple_overflow_pools, ebering_ghost_xom, uniq_duvessa,
          uniq_grinder, uniq_crazy_yiuf_cottage
D:7:      layout_loops_ring, nicolae_overflow_hidden_temple, uniq_prince_ribbit1
D:8:      layout_rooms, lair_entry_dummy, serial_shops, shop
D:9:      layout_loops_ring, orc_0_dummy,
          nicolae_dithmenos_through_a_glass_darkly
D:10:     layout_grid_maze
D:11:     layout_basic, trove_entry_hex_spiral, uniq_fannar, uniq_nergalle,
          uniq_grum
D:12:     layout_loops_cross, nicolae_lava_and_water
D:13:     layout_cave_pools, serial_shops, nicolae_shop_statue_plus,
          minivault_22, serial_bayou_pond_d
Temple:   lightli_temple_of_artemis

Skill      XL: |  1  2  3  4  5  6  7  8  9 10 11 |
---------------+----------------------------------+-----
Fighting       | 3 4 5 6 7 9 10 11 | 11.4
Maces & Flails | 3 4 5 6 7 8 |  8.4
Dodging        | 3 4 5 6 7 8 |  8.4
Throwing       | 3 4 5 7 8 |  8.9
Invocations    | 2 4 6 |  6.1

Action                   |  1- 3 |  4- 6 |  7- 9 | 10-12 || total
-------------------------+-------+-------+-------+-------++-------
Melee: Flail             |   111 |    99 |   489 |     5 ||   704
       Whip              |       |   161 |       |       ||   161
       Headbutt          |       |    27 |    83 |    85 ||   195
       Unarmed           |       |    13 |    12 |       ||    25
       Dire flail        |       |       |       |   444 ||   444
       Battleaxe         |       |       |       |    50 ||    50
Throw: Dart              |       |       |     3 |       ||     3
       Throwing net      |       |       |     2 |     2 ||     4
       Large rock        |       |       |       |    35 ||    35
       Boomerang         |       |       |       |     8 ||     8
       Javelin           |       |       |       |     5 ||     5
Invok: Heroism           |       |       |     3 |     5 ||     8
Evoke: Wand              |       |       |    20 |    17 ||    37
  Use: Scroll            |       |     7 |     4 |     4 ||    15
       Potion            |       |     5 |     4 |     7 ||    16
 Stab: Sleeping          |     2 |       |     1 |     1 ||     4
       Paralysed         |       |       |       |     6 ||     6
Armor: Robe              |    28 |    65 |   118 |    31 ||   242
       Skin              |       |    33 |     9 |       ||    42
       Troll leather arm |       |       |       |    63 ||    63
Dodge: Dodged            |    77 |   143 |   354 |   341 ||   915

Table legend: (Time is in decaauts)
 A = Elapsed time spent in this place.
 B = Non-inter-level travel time spent in this place.
 C = Inter-level travel time spent in this place.
 D = Time resting spent in this place.
 E = Time spent auto-exploring this place.
 F = Levels seen in this place.
 G = Mean time per level.
                   A        B        C        D        E       F      G
               +--------+--------+--------+--------+--------+-----+--------+
         Total |  21199 |  20674 |    525 |   5564 |  12042 |  14 | 1514.2 |
       Dungeon |  21079 |  20555 |    524 |   5564 |  11967 |  13 | 1621.5 |
        Temple |    119 |    119 |      0 |      0 |     75 |   1 |  119.0 |
               +--------+--------+--------+--------+--------+-----+--------+

Top non-repeatable levels by time:
     D:4: 2887 daAuts
     D:5: 2671 daAuts
    D:10: 2562 daAuts
     D:6: 2440 daAuts
     D:2: 1846 daAuts
    D:11: 1691 daAuts
     D:1: 1614 daAuts
     D:9: 1434 daAuts
     D:7: 1189 daAuts
     D:3: 1157 daAuts
     D:8: 1068 daAuts
    D:12: 494 daAuts
  Temple: 119 daAuts
    D:13: 22 daAuts
